| TOP OF THE 1ST |
|
Los Angeles (NYP) Dodgers batting - Pitching for Milwaukee (NYP) Brewers : RHP Junzo Yanagisawa
|
|
Pitching: RHP Junzo Yanagisawa
|
|
|
Batting: RHB Mario Mejia
|
0-0: Swinging Strike 0-1: Ball 1-1: Ball 2-1: Called Strike 2-2: Foul Ball, location: 2F 2-2: Foul Ball, location: 2F 2-2: Fly out, F6 (Popup, 6M, EV 50.0 MPH)
|
|
Batting: RHB Leo Cuellar
|
0-0: Ball 1-0: Called Strike 1-1: Ball 2-1: SINGLE (Groundball, 6S, EV 65.6 MPH) (infield hit)
|
|
Batting: RHB John Piccolo
|
0-0: Ball Leo Cuellar steals 2nd base 1-0: Foul Ball, location: 2F 1-1: Swinging Strike 1-2: Foul Ball, location: 2F 1-2: Strikes out swinging
|
|
Batting: LHB Kippy McGrath
|
0-0: Ball 1-0: Foul Ball, location: 2F 1-1: Swinging Strike 1-2: Ball 2-2: Strikes out swinging
|
| Top of the 1st over - 0 runs, 1 hit, 0 errors, 1 left on base; Los Angeles (NYP) 0 - Milwaukee (NYP) 0 |
| BOTTOM OF THE 1ST |
|
Milwaukee (NYP) Brewers batting - Pitching for Los Angeles (NYP) Dodgers : RHP Lee Durbin
|
|
Pitching: RHP Lee Durbin
|
|
|
Batting: RHB Brian Landrum
|
0-0: Called Strike 0-1: Ground out 6-3 (Groundball, 6, EV 87.5 MPH)
|
|
Batting: LHB Paul Collins
|
0-0: Foul Ball, location: 2F 0-1: Foul Ball, location: 2F 0-2: Strikes out looking
|
|
Batting: LHB Alfredo de la Cruz
|
0-0: Called Strike 0-1: Foul Ball, location: 2F 0-2: Ball 1-2: Foul Ball, location: 2F 1-2: Ball 2-2: Ball 3-2: Strikes out swinging
|
| Bottom of the 1st over - 0 runs, 0 hits, 0 errors, 0 left on base; Los Angeles (NYP) 0 - Milwaukee (NYP) 0 |
| TOP OF THE 2ND |
|
Los Angeles (NYP) Dodgers batting - Pitching for Milwaukee (NYP) Brewers : RHP Junzo Yanagisawa
|
|
Batting: SHB Chris Ackerson
|
0-0: Called Strike 0-1: Foul Ball, location: 2F 0-2: Ball 1-2: Ball 2-2: Strikes out swinging
|
|
Batting: RHB Eddie Perry
|
0-0: Ball 1-0: Ball 2-0: Ball 3-0: Base on Balls
|
|
Batting: RHB Jonathan Kirsch
|
0-0: Ball 1-0: Called Strike 1-1: SINGLE (Line Drive, 8LS, EV 98.1 MPH) Eddie Perry to second
|
|
Batting: LHB Bobby Gambrell
|
0-0: Fielders Choice at 2nd, 4-6 (Groundball, 13, EV 82.5 MPH) Eddie Perry to third
|
|
Batting: RHB Jonathan Quijada
|
0-0: Foul Ball, location: 2F 0-1: Ball 1-1: Ball 2-1: Foul Ball, location: 2F 2-2: SINGLE (Groundball, 6MD, EV 96.9 MPH) Eddie Perry scores Bobby Gambrell to second Runner from 2nd tries for 3rd, SAFE, throw by CF made to third
|
|
Batting: RHB Mario Mejia
|
0-0: Foul Ball, location: 2F 0-1: Swinging Strike 0-2: Fly out, F3 (Popup, 3F, EV 60.0 MPH)
|
| Top of the 2nd over - 1 run, 2 hits, 0 errors, 2 left on base; Los Angeles (NYP) 1 - Milwaukee (NYP) 0 |
| BOTTOM OF THE 2ND |
|
Milwaukee (NYP) Brewers batting - Pitching for Los Angeles (NYP) Dodgers : RHP Lee Durbin
|
|
Batting: RHB Skyler Goss
|
0-0: Swinging Strike 0-1: Ball 1-1: Ground out 6-3 (Groundball, 6, EV 83.1 MPH)
|
|
Batting: LHB Aaron Mobley
|
0-0: Ball 1-0: Called Strike 1-1: Ball 2-1: Ball 3-1: Base on Balls
|
|
Batting: RHB Brad Wren
|
0-0: Ball 1-0: Ball 2-0: Ball 3-0: Called Strike 3-1: Swinging Strike 3-2: Base on Balls Aaron Mobley to second
|
|
Batting: RHB Vinny Estrada
|
0-0: Ball 1-0: Grounds into double play, 6-4-3 (Groundball, 6, EV 95.6 MPH)
|
| Bottom of the 2nd over - 0 runs, 0 hits, 0 errors, 1 left on base; Los Angeles (NYP) 1 - Milwaukee (NYP) 0 |
| TOP OF THE 3RD |
|
Los Angeles (NYP) Dodgers batting - Pitching for Milwaukee (NYP) Brewers : RHP Junzo Yanagisawa
|
|
Batting: RHB Leo Cuellar
|
0-0: Ball 1-0: Ball 2-0: Ball 3-0: Base on Balls
|
|
Batting: RHB John Piccolo
|
0-0: Ball Leo Cuellar steals 2nd base 1-0: Called Strike 1-1: Swinging Strike 1-2: Strikes out swinging
|
|
Batting: LHB Kippy McGrath
|
0-0: Swinging Strike 0-1: Called Strike Leo Cuellar steals 3rd base 0-2: Ball 1-2: Ball 2-2: Ball 3-2: Base on Balls
|
|
Batting: SHB Chris Ackerson
|
0-0: Called Strike 0-1: Ball 1-1: Foul Ball, location: 2F 1-2: Foul Ball, location: 2F 1-2: Strikes out swinging
|
|
Batting: RHB Eddie Perry
|
0-0: Ball 1-0: Swinging Strike Passed Ball! Leo Cuellar scores Kippy McGrath to second 1-1: Foul Ball, location: 2F 1-2: Ball 2-2: Strikes out looking
|
| Top of the 3rd over - 1 run, 0 hits, 0 errors, 1 left on base; Los Angeles (NYP) 2 - Milwaukee (NYP) 0 |
| BOTTOM OF THE 3RD |
|
Milwaukee (NYP) Brewers batting - Pitching for Los Angeles (NYP) Dodgers : RHP Lee Durbin
|
|
Batting: RHB Derek Halliwill
|
0-0: Ball 1-0: Fly out, F9 (Line Drive, 9, EV 94.4 MPH)
|
|
Batting: SHB Adam Slade
|
0-0: Ball 1-0: Foul Ball, location: 2F 1-1: Ball 2-1: Called Strike 2-2: Ground out 4-3 (Groundball, 4, EV 110.6 MPH)
|
|
Batting: RHB Brian Landrum
|
0-0: Ball 1-0: Ball 2-0: Called Strike 2-1: Foul Ball, location: 2F 2-2: SINGLE (Groundball, 6MD, EV 105.0 MPH)
|
|
Batting: LHB Paul Collins
|
0-0: Ball Brian Landrum steals 2nd base 1-0: Ball 2-0: DOUBLE (Line Drive, 78D, EV 106.9 MPH) Brian Landrum scores
|
|
Batting: LHB Alfredo de la Cruz
|
0-0: Ball 1-0: Ball 2-0: SINGLE (Groundball, 6MD, EV 96.9 MPH) Paul Collins to third Runner from 3rd tries for Home, throw by CF and OUT! 8-2
|
| Bottom of the 3rd over - 1 run, 3 hits, 0 errors, 1 left on base; Los Angeles (NYP) 2 - Milwaukee (NYP) 1 |
| TOP OF THE 4TH |
|
Los Angeles (NYP) Dodgers batting - Pitching for Milwaukee (NYP) Brewers : RHP Junzo Yanagisawa
|
|
Batting: RHB Jonathan Kirsch
|
0-0: Fly out, F9 (Line Drive, 9D, EV 93.1 MPH)
|
|
Batting: LHB Bobby Gambrell
|
0-0: Called Strike 0-1: Swinging Strike 0-2: Fly out, F5 (Line Drive, 5, EV 69.4 MPH)
|
|
Batting: RHB Jonathan Quijada
|
0-0: Ball 1-0: Called Strike 1-1: Foul Ball, location: 2F 1-2: Strikes out swinging
|
| Top of the 4th over - 0 runs, 0 hits, 0 errors, 0 left on base; Los Angeles (NYP) 2 - Milwaukee (NYP) 1 |
| BOTTOM OF THE 4TH |
|
Milwaukee (NYP) Brewers batting - Pitching for Los Angeles (NYP) Dodgers : RHP Lee Durbin
|
|
Batting: RHB Skyler Goss
|
0-0: Called Strike 0-1: Ball 1-1: Fly out, F9 (Flyball, 89D, EV 94.4 MPH)
|
|
Batting: LHB Aaron Mobley
|
0-0: Ball 1-0: Swinging Strike 1-1: Ball 2-1: Ball 3-1: Called Strike 3-2: Base on Balls
|
|
Batting: RHB Brad Wren
|
0-0: Called Strike 0-1: Ball 1-1: Ball 2-1: Ball 3-1: Base on Balls Aaron Mobley to second
|
|
Batting: RHB Vinny Estrada
|
0-0: Ball 1-0: Foul Ball, location: 2F 1-1: Ball 2-1: Foul Ball, location: 2F 2-2: Ball 3-2: Grounds into double play, 6-4-3 (Groundball, 6, EV 98.8 MPH)
|
| Bottom of the 4th over - 0 runs, 0 hits, 0 errors, 1 left on base; Los Angeles (NYP) 2 - Milwaukee (NYP) 1 |
| TOP OF THE 5TH |
|
Los Angeles (NYP) Dodgers batting - Pitching for Milwaukee (NYP) Brewers : RHP Junzo Yanagisawa
|
|
Batting: RHB Mario Mejia
|
0-0: Called Strike 0-1: Ball 1-1: Called Strike 1-2: Strikes out swinging
|
|
Pitching: LHP Tom Barone
|
|
|
Batting: RHB Leo Cuellar
|
0-0: Ball 1-0: Foul Ball, location: 2F 1-1: Ground out 6-3 (Groundball, 6, EV 85.0 MPH)
|
|
Batting: RHB John Piccolo
|
0-0: Swinging Strike 0-1: Foul Ball, location: 2F 0-2: Ball 1-2: Ball 2-2: Foul Ball, location: 2F 2-2: Ball 3-2: Foul Ball, location: 2F 3-2: Strikes out swinging passed ball, reaches first!
|
|
Batting: LHB Kippy McGrath
|
0-0: Ball 1-0: Ball 2-0: Swinging Strike 2-1: Swinging Strike 2-2: Ground out 6-3 (Groundball, P, EV 85.6 MPH)
|
| Top of the 5th over - 0 runs, 0 hits, 0 errors, 1 left on base; Los Angeles (NYP) 2 - Milwaukee (NYP) 1 |
| BOTTOM OF THE 5TH |
|
Milwaukee (NYP) Brewers batting - Pitching for Los Angeles (NYP) Dodgers : RHP Lee Durbin
|
|
Batting: RHB Derek Halliwill
|
0-0: Ball 1-0: Ball 2-0: Ball 3-0: Base on Balls
|
|
Pitching: RHP Chris Hodge
|
|
|
Batting: SHB Adam Slade
|
0-0: Ball Derek Halliwill steals 2nd, throwing error, E2 Derek Halliwill to third 1-0: Called Strike 1-1: Ball 2-1: Foul Ball, location: 2F 2-2: Fly out, F9 (Flyball, 89D, EV 88.1 MPH) Runner from 3rd tags up, OUT at HOME! 9-2
|
|
Batting: RHB Brian Landrum
|
0-0: Ball 1-0: Called Strike 1-1: Foul Ball, location: 2F 1-2: Ball 2-2: Foul Ball, location: 2F 2-2: Ball 3-2: Foul Ball, location: 2F 3-2: Base on Balls
|
|
Batting: LHB Paul Collins
|
0-0: Called Strike Brian Landrum steals 2nd base 0-1: Foul Ball, location: 2F 0-2: Foul Ball, location: 2F 0-2: Ball 1-2: Strikes out swinging
|
| Bottom of the 5th over - 0 runs, 0 hits, 1 error, 1 left on base; Los Angeles (NYP) 2 - Milwaukee (NYP) 1 |
| TOP OF THE 6TH |
|
Los Angeles (NYP) Dodgers batting - Pitching for Milwaukee (NYP) Brewers : LHP Tom Barone
|
|
Batting: SHB Chris Ackerson
|
0-0: Ball 1-0: Called Strike 1-1: Ball 2-1: TRIPLE (Flyball, 9LD, EV 107.5 MPH)
|
|
Batting: RHB Eddie Perry
|
0-0: Ball 1-0: Ground out 5-3 (Groundball, 56, EV 82.5 MPH)
|
|
Batting: RHB Jonathan Kirsch
|
0-0: Ball 1-0: Foul Ball, location: 2F 1-1: Ground out 5-3 (Groundball, 5, EV 88.8 MPH)
|
|
Batting: LHB Bobby Gambrell
|
0-0: Foul Ball, location: 2F 0-1: Ball 1-1: Ground out 2-3 (Groundball, 15S, EV 70.0 MPH)
|
| Top of the 6th over - 0 runs, 1 hit, 0 errors, 1 left on base; Los Angeles (NYP) 2 - Milwaukee (NYP) 1 |
| BOTTOM OF THE 6TH |
|
Milwaukee (NYP) Brewers batting - Pitching for Los Angeles (NYP) Dodgers : RHP Chris Hodge
|
|
Batting: LHB Alfredo de la Cruz
|
0-0: Ball 1-0: Called Strike 1-1: Ball 2-1: TRIPLE (Flyball, 9LD, EV 110.6 MPH)
|
|
Batting: RHB Skyler Goss
|
0-0: Foul Ball, location: 2F 0-1: Foul Ball, location: 2F 0-2: Ball 1-2: Foul Ball, location: 2F 1-2: Ball 2-2: Foul Ball, location: 2F 2-2: Foul Ball, location: 2F 2-2: Foul Ball, location: 2F 2-2: Foul Ball, location: 2F 2-2: Fly out, F7 (Line Drive, 7, EV 96.9 MPH)
|
|
Batting: LHB Aaron Mobley
|
0-0: Ball 1-0: Ball 2-0: Called Strike 2-1: Ball 3-1: Called Strike 3-2: Base on Balls
|
|
Batting: RHB Brad Wren
|
0-0: Called Strike 0-1: Called Strike 0-2: Foul Ball, location: 2F 0-2: Ball 1-2: Ball Wild Pitch! Alfredo de la Cruz scores Aaron Mobley to second 2-2: Foul Ball, location: 2F 2-2: Strikes out looking
|
|
Pitching: RHP Dave Bible
|
|
|
Batting: RHB Vinny Estrada
|
0-0: Called Strike 0-1: Called Strike 0-2: Ball 1-2: Strikes out swinging
|
| Bottom of the 6th over - 1 run, 1 hit, 0 errors, 1 left on base; Los Angeles (NYP) 2 - Milwaukee (NYP) 2 |
| TOP OF THE 7TH |
|
Los Angeles (NYP) Dodgers batting - Pitching for Milwaukee (NYP) Brewers : LHP Tom Barone
|
|
Pitching: RHP Justin Orr
|
|
|
Batting: RHB Jonathan Quijada
|
0-0: Swinging Strike 0-1: Swinging Strike 0-2: Ball 1-2: Strikes out swinging
|
|
Batting: RHB Mario Mejia
|
0-0: Reached on error, E5 (Groundball, 56, EV 91.9 MPH)
|
|
Batting: RHB Leo Cuellar
|
0-0: Ball Mario Mejia steals 2nd base (no throw) 1-0: Swinging Strike 1-1: Ball 2-1: Called Strike 2-2: Ball 3-2: Strikes out swinging
|
|
Batting: RHB John Piccolo
|
0-0: Foul Ball, location: 2F 0-1: Called Strike 0-2: SINGLE (Line Drive, 8RS, EV 108.1 MPH) Mario Mejia to third Runner from 3rd tries for Home, SAFE, throw by CF to home
|
|
Pitching: LHP Dustin Waller
|
|
|
Batting: LHB Kippy McGrath
|
0-0: Called Strike 0-1: Ground out U3 (Groundball, 3, EV 79.4 MPH)
|
| Top of the 7th over - 1 run, 1 hit, 1 error, 1 left on base; Los Angeles (NYP) 3 - Milwaukee (NYP) 2 |
| BOTTOM OF THE 7TH |
|
Milwaukee (NYP) Brewers batting - Pitching for Los Angeles (NYP) Dodgers : RHP Dave Bible
|
|
Batting: RHB Derek Halliwill
|
0-0: Swinging Strike 0-1: Ground out 6-3 (Groundball, 56, EV 82.5 MPH)
|
|
Batting: SHB Adam Slade
|
0-0: Ball 1-0: Fly out, F9 (Flyball, 9LS, EV 73.1 MPH)
|
|
Batting: RHB Brian Landrum
|
0-0: Called Strike 0-1: Swinging Strike 0-2: Strikes out swinging
|
| Bottom of the 7th over - 0 runs, 0 hits, 0 errors, 0 left on base; Los Angeles (NYP) 3 - Milwaukee (NYP) 2 |
| TOP OF THE 8TH |
|
Los Angeles (NYP) Dodgers batting - Pitching for Milwaukee (NYP) Brewers : LHP Dustin Waller
|
|
Pitching: RHP Julian Urbina
|
|
|
Batting: SHB Chris Ackerson
|
0-0: Called Strike 0-1: Ball 1-1: Ball 2-1: Ground out 6-3 (Groundball, 4MS, EV 70.0 MPH)
|
|
Batting: RHB Eddie Perry
|
0-0: Ball 1-0: Swinging Strike 1-1: Foul Ball, location: 2F 1-2: Strikes out swinging
|
|
Batting: RHB Jonathan Kirsch
|
0-0: Ball 1-0: Ground out U3 (Groundball, 3, EV 88.1 MPH)
|
| Top of the 8th over - 0 runs, 0 hits, 0 errors, 0 left on base; Los Angeles (NYP) 3 - Milwaukee (NYP) 2 |
| BOTTOM OF THE 8TH |
|
Milwaukee (NYP) Brewers batting - Pitching for Los Angeles (NYP) Dodgers : RHP Dave Bible
|
|
Batting: LHB Paul Collins
|
0-0: Ball 1-0: Ball 2-0: Called Strike 2-1: Foul Ball, location: 2F 2-2: Ball 3-2: Strikes out swinging
|
|
Batting: LHB Alfredo de la Cruz
|
0-0: Ball 1-0: Ground out 4-3 (Groundball, 4MS, EV 72.5 MPH)
|
|
Batting: RHB Skyler Goss
|
0-0: Called Strike 0-1: Ball 1-1: Fly out, F9 (Line Drive, 9, EV 94.4 MPH)
|
| Bottom of the 8th over - 0 runs, 0 hits, 0 errors, 0 left on base; Los Angeles (NYP) 3 - Milwaukee (NYP) 2 |
| TOP OF THE 9TH |
|
Los Angeles (NYP) Dodgers batting - Pitching for Milwaukee (NYP) Brewers : RHP Julian Urbina
|
|
Batting: LHB Bobby Gambrell
|
0-0: Called Strike 0-1: Foul Ball, location: 2F 0-2: Strikes out swinging
|
|
Batting: RHB Jonathan Quijada
|
0-0: Called Strike 0-1: Called Strike 0-2: Ball 1-2: Ball 2-2: SINGLE (Line Drive, 56D, EV 98.1 MPH)
|
|
Batting: RHB Mario Mejia
|
0-0: Ball Jonathan Quijada steals 2nd base 1-0: Intentional Walk
|
|
Batting: RHB Leo Cuellar
|
0-0: Foul Ball, location: 2F 0-1: Foul Ball, location: 2F 0-2: Strikes out swinging
|
|
Batting: RHB John Piccolo
|
0-0: Ball 1-0: Swinging Strike 1-1: Ground out U3 (Groundball, 3L, EV 80.0 MPH)
|
| Top of the 9th over - 0 runs, 1 hit, 0 errors, 2 left on base; Los Angeles (NYP) 3 - Milwaukee (NYP) 2 |
| BOTTOM OF THE 9TH |
|
Milwaukee (NYP) Brewers batting - Pitching for Los Angeles (NYP) Dodgers : RHP Dave Bible
|
|
Pitching: RHP Willie Alvarado
|
|
|
Batting: LHB Aaron Mobley
|
0-0: Ball 1-0: Ball 2-0: Ball 3-0: Called Strike 3-1: Fly out, F3 (Popup, 3SF, EV 71.9 MPH)
|
|
Batting: RHB Brad Wren
|
0-0: Called Strike 0-1: Foul Ball, location: 2F 0-2: Ball 1-2: Ball 2-2: Foul Ball, location: 2F 2-2: Ground out 6-3 (Groundball, 6, EV 96.9 MPH)
|
|
Batting: RHB Vinny Estrada
|
0-0: Ball 1-0: Foul Ball, location: 2F 1-1: Ball 2-1: SINGLE (Flyball, 78S, EV 89.4 MPH)
|
|
Batting: RHB Derek Halliwill
|
0-0: SINGLE (Groundball, 4MD, EV 103.8 MPH) Vinny Estrada to second Runner from 2nd tries for 3rd, SAFE, throw by CF made to third
|
|
Batting: SHB Adam Slade
|
0-0: Called Strike 0-1: Ball Wild Pitch! Vinny Estrada scores Derek Halliwill to second 1-1: Ground out 6-3 (Groundball, 4M, EV 101.9 MPH)
|
| Bottom of the 9th over - 1 run, 2 hits, 0 errors, 1 left on base; Los Angeles (NYP) 3 - Milwaukee (NYP) 3 |
| TOP OF THE 10TH |
|
Los Angeles (NYP) Dodgers batting - Pitching for Milwaukee (NYP) Brewers : RHP Julian Urbina
|
|
Pitching: RHP Javy Uribe
|
|
|
Batting: LHB Kippy McGrath
|
0-0: Ball 1-0: Called Strike 1-1: Ball 2-1: Ball 3-1: Swinging Strike 3-2: Base on Balls
|
|
Batting: SHB Chris Ackerson
|
0-0: Called Strike 0-1: Ball 1-1: Hit by Pitch Kippy McGrath to second
|
|
Batting: RHB Eddie Perry
|
0-0: Called Strike 0-1: Foul Ball, location: 2F 0-2: Ball 1-2: Strikes out looking
|
|
Batting: RHB Jonathan Kirsch
|
0-0: SINGLE (Line Drive, 89M, EV 104.4 MPH) Kippy McGrath to third Chris Ackerson to second
|
|
Batting: LHB Bobby Gambrell
|
0-0: Ball 1-0: DOUBLE (Line Drive, 8RD, EV 95.0 MPH) Kippy McGrath scores Chris Ackerson scores Jonathan Kirsch to third
|
|
Batting: RHB Jonathan Quijada
|
0-0: Fly out, F5 (Popup, 5SF, EV 76.9 MPH)
|
|
Batting: RHB Mario Mejia
|
0-0: Foul Ball, location: 2F 0-1: Ball 1-1: Ball 2-1: Foul Ball, location: 2F 2-2: Ball 3-2: Foul Ball, location: 2F 3-2: Base on Balls
|
|
Batting: RHB Leo Cuellar
|
0-0: Called Strike 0-1: Ball 1-1: Fielders Choice at 2nd, 6-4 (Groundball, 6, EV 84.4 MPH)
|
| Top of the 10th over - 2 runs, 2 hits, 0 errors, 3 left on base; Los Angeles (NYP) 5 - Milwaukee (NYP) 3 |
| BOTTOM OF THE 10TH |
|
Milwaukee (NYP) Brewers batting - Pitching for Los Angeles (NYP) Dodgers : RHP Willie Alvarado
|
|
Pitching: RHP Cody Bryant
|
|
|
Batting: RHB Brian Landrum
|
0-0: Ball 1-0: Ball 2-0: Called Strike 2-1: Called Strike 2-2: Ground out 4-3 (Groundball, 4, EV 105.0 MPH)
|
|
Batting: LHB Paul Collins
|
0-0: Ball 1-0: Ball 2-0: Called Strike 2-1: Ball 3-1: Base on Balls
|
|
Batting: LHB Alfredo de la Cruz
|
0-0: Ball 1-0: Ball 2-0: Ball 3-0: Base on Balls Paul Collins to second
|
|
Pinch Runner at 2nd Bryant Thies:
|
|
|
Batting: RHB Skyler Goss
|
0-0: Ball 1-0: Ball 2-0: Ball 3-0: Base on Balls Bryant Thies to third Alfredo de la Cruz to second
|
|
Pitching: RHP Craig Fallon
|
|
|
Batting: LHB Aaron Mobley
|
0-0: Called Strike 0-1: Ball 1-1: Called Strike 1-2: Strikes out swinging
|
|
Batting: RHB Brad Wren
|
0-0: Ball 1-0: Foul Ball, location: 2F 1-1: Swinging Strike 1-2: Strikes out looking
|
| Bottom of the 10th over - 0 runs, 0 hits, 0 errors, 3 left on base; Los Angeles (NYP) 5 - Milwaukee (NYP) 3 |
|